Map: 16-Bit LE

Players

TheDude

  • Race: Protoss Protoss
  • League: Silver
  • Spawn Location: 7:00

WTH - Winner!

  • Race: Protoss Protoss
  • Spawn Location: 1:00

VOD

Have the link to the VOD?

Description

Time

  • Played on: May 16, 2018, 1:16 p.m.
  • Length: 4:56
Show
View Real Time Build Order
Export as new Build Order

TheDude Protoss 

Build Orders: Nexus First 

Get SALT Encoding   

  1  0:00  Probe  
  12  0:06  Probe  
  14  0:15  Probe  
  15  0:26  Pylon  
  15  0:54  Nexus  
  15  1:11  Gateway  
  15  1:14  Assimilator  
  15  1:20  Probe  
  15  1:21  Assimilator  
  16  1:32  Probe  
  17  1:38  Pylon  
  17  1:44  Probe  
  18  1:55  Probe  
  18  1:58  Zealot  
  21  2:01  Cybernetics Core  
  21  2:03  Probe  
  21  2:04  Probe  
  23  2:11  Probe  
  23  2:12  Probe  
  25  2:22  Probe  
  25  2:23  Probe  
  25  2:25  Zealot  
  29  2:31  Probe  
  29  2:36  Probe  
  31  2:39  Probe  
  31  2:40  Pylon  
  32  2:48  Probe  
  32  2:49  Probe  
  34  2:51  Warp Gate  
  34  2:56  Adept  
  36  3:00  Probe  
  36  3:01  Probe  
  38  3:12  Probe  
  39  3:14  Probe  
  39  3:15  Forge  
  40  3:24  Probe  
  40  3:26  Probe  
  42  3:29  Pylon  
  42  3:30  Pylon  
  42  3:32  Adept  
  44  3:37  Pylon  
  44  3:45  Stargate  
  44  3:51  Probe  
  44  3:52  Robotics Facility  
  44  3:53  Probe  
  46  4:00  Assimilator  
  46  4:04  Probe  
  44  4:16  Zealot  
Show
View Real Time Build Order
Export as new Build Order

WTH Protoss - Winner!

Build Orders:  

Get SALT Encoding   

  12  0:00  Probe  
  13  0:13  Probe  
  14  0:18  Pylon  
  14  0:24  Probe  
  15  0:32  Probe  
  15  0:40  Probe, Gateway  
  17  0:51  Assimilator  
  17  0:53  Probe  
  18  0:58  Assimilator  
  18  1:04  Probe  
  18  1:09  Pylon  
  19  1:12  Probe  
  20  1:20  Probe  
  21  1:29  Cybernetics Core  
  21  1:32  Probe  
  22  1:40  Pylon  
  22  1:44  Probe  
  23  1:56  Warp Gate  
  23  2:06  Sentry  
  25  2:12  Robotics Facility  
  25  2:32  Stalker  
  25  2:37  Gateway  
  27  2:38  Gateway  
  27  2:39  Gateway  
  27  2:51  Warp Prism  
  27  3:01  Stalker  
  31  3:13  Pylon  
  30  3:36  Observer  
  30  3:38  Probe  
  32  4:02  Stalker  
  34  4:03  Stalker x3  
  40  4:28  Stalker x3  
  46  4:35  Pylon  
  46  4:39  Pylon  
Tags
 
League
Silver
Matchup
PvP
Spawn Locations
Cross Positions
Add a new tag
Caveats
  • Supply blocks, unpowered buildings, or Contaminate may cause inaccurate times.
  • Supply counts are checked every 10 seconds.